 Dungeon Crawl Stone Soup version 0.30.0-10-gfe55d96785 (webtiles) character file.

Game seed: 5134651284737380332

154 Kenran the Chopper (level 5, 0/45 HPs)
             Began as a Minotaur Cinder Acolyte on May 14, 2023.
             Was a High Priest of Ignis.
             Slain by a gnoll sergeant
             ... wielding a +1 trident of venom
              (6 damage)
             ... on level 4 of the Dungeon.
             The game lasted 00:04:44 (2782 turns).

Kenran the Chopper (Minotaur Cinder Acolyte)        Turns: 2782, Time: 00:04:45

Health: 0/45       AC: 13    Str: 29 (30) XL:     5   Next: 13%
Magic:  5/5        EV: 10    Int:  5 (8)  God:    Ignis [*****.]
Gold:   264        SH:  0    Dex:  3 (5)  Spells: 6/6 levels left

rFire   + + .        a - -1 hand axe (flame)
rCold   + + .        (no shield)
rNeg    . . .        o - +0 ring mail
rPois   +            (helmet restricted)
rElec   +            l - +0 cloak
rCorr   +            (no gloves)
SInv    .            (no boots)
Will    .....        g - amulet of Rol Zab {Reflect Contam rPois rC+ rCorr SH+5} Stlth
                     f - +6 ring of strength
HPRegen 0.27/turn    (no ring)
MPRegen 0.09/turn

%: reflection
@: confused, lethally poisoned (0 -> -4), resistant, ambrosia-drunk,
fiery-armoured
A: horns 2, retaliatory headbutt, hooves 1, dopey 1, strong 1
a: Renounce Religion, Fiery Armour, Foxfire Swarm, Rising Flame


You were on level 4 of the Dungeon.
You worshipped Ignis.
Ignis was extremely pleased with you.
You visited 1 branch of the dungeon, and saw 4 of its levels.

You collected 264 gold pieces.

Inventory:

Hand Weapons
 a - a -1 hand axe of flaming (weapon)
 m - a +0 battleaxe
Armour
 l - a +0 cloak (worn)
 o - a +0 ring mail (worn)
Jewellery
 f - a +6 ring of strength (left hand)
 g - the amulet of Rol Zab (around neck) {Reflect Contam rPois rC+ rCorr SH+5}
   (You acquired it on level 2 of the Dungeon)

   [amulet of reflection]

   It reflects blocked missile attacks.
   rC:        It protects you from cold.
   rPois:     It protects you from poison.
   Contam:    It causes magical contamination when unequipped.
   rCorr:     It protects you from acid and corrosion.
   SH:        It affects your SH (+5).
Wands
 r - a wand of iceblast (3)
Scrolls
 c - 2 scrolls of teleportation
 i - a scroll of enchant weapon {unknown}
 k - a scroll of immolation {!r}
 q - 2 scrolls of amnesia {unknown}
Potions
 j - a potion of magic {unknown}
 n - a potion of brilliance {unknown}
 p - a potion of curing {unknown}


   Skills:
 - Level 3.6 Fighting
 + Level 7.1 Axes
 - Level 1.0 Spellcasting
 - Level 2.1 Fire Magic


You had 6 spell levels left.
You didn't know any spells.
Your spell library contained the following spells:

 Spells                   Type           Power      Damage    Failure   Level
 Scorch                   Fire           4%         2d5       41%         2
 Frozen Ramparts          Ice            0%         1d1       91%         3
 Ice Form                 Ice/Tmut       0%         N/A       100%        4
 Summon Ice Beast         Ice/Summ       0%         N/A       100%        4


Dungeon Overview and Level Annotations

Branches:
Dungeon (4/15)
 Temple: D:4-7

Altars:

Shops:
D:3 :


Innate Abilities, Weirdness & Mutations

You have a pair of horns on your head.
You reflexively headbutt those who attack you in melee.
You have large cloven feet.
You are dopey. (Int -2)
Your muscles are strong. (Str +4, Int/Dex -1)


Message History

You are too injured to fight recklessly!
You are too injured to fight recklessly!
You completely miss the ogre.
The ogre is heavily wounded.
You feel sick.
The gnoll sergeant hits you from afar with a +1 trident of venom!
You are lethally poisoned!
You hit the ogre but do no damage. You headbutt the ogre.
The ogre is heavily wounded.
* * * LOW HITPOINT WARNING * * *
You feel very sick. The ogre closely misses you.
The gnoll sergeant hits you but does no damage.
Okay, then.
Okay, then.
The ogre attacks as you move away! The ogre barely misses you.
* * * LOW HITPOINT WARNING * * *
You feel very sick.
It was a potion of mutation.
You feel extremely strange.
You feel stupid.
Your feet thicken and deform.
You feel stronger.
* * * LOW HITPOINT WARNING * * *
You feel very sick.
It was a potion of degeneration.
There was something very wrong with that liquid.
You feel weakened.
You feel dopey.
You feel clumsy.
* * * LOW HITPOINT WARNING * * *
You feel sick. The ogre barely misses you. You furiously retaliate!
You headbutt the ogre. The gnoll sergeant barely misses you.
It was a potion of resistance.
You feel protected.
* * * LOW HITPOINT WARNING * * *
You feel sick.
The gnoll sergeant hits you but does no damage.
The ogre barely misses you. You furiously retaliate!
You headbutt the ogre, but do no damage.
It was a potion of ambrosia.
You are confused.
You feel invigorated.
You feel sick.
The gnoll sergeant hits you from afar with a +1 trident of venom.
You die...

#. .K.. . g..
#. .. #.##.
#...# #.###
#.g.## ###O.#
##@# #.# #.##
#..# #######
##.# ......#
##.####
.....<#
#.....#
......#
#.....#
......########
#....[#


You could see an ogre and a gnoll sergeant.

Vanquished Creatures
  4 gnolls
  5 adders
  3 dart slugs
  An orc (D:3)
  6 ball pythons
  4 endoplasms
  2 giant cockroaches
  9 goblins
  10 hobgoblins
  4 quokkas
  3 bats
  6 frilled lizards
  5 kobolds
  8 rats
70 creatures vanquished.

Notes
Turn   | Place    | Note
-------+----------+-------------------------------------------
     0 | D:1      | Kenran the Minotaur Cinder Acolyte began the quest for the
                  | Orb.
     0 | D:1      | Reached XP level 1. HP: 19/19 MP: 1/1
   131 | D:1      | Reached skill level 4 in Axes
   175 | D:1      | Reached XP level 2. HP: 18/26 MP: 2/2
   636 | D:1      | Reached skill level 5 in Axes
   924 | D:2      | Reached XP level 3. HP: 28/31 MP: 3/3
  1368 | D:2      | Reached skill level 6 in Axes
  1368 | D:2      | Reached XP level 4. HP: 22/39 MP: 4/4
  1781 | D:2      | Identified a scroll of acquirement
  1786 | D:2      | Acquired the amulet of Rol Zab {Reflect Contam rPois rC+
                  | rCorr SH+5}
  1817 | D:3      | Found Intur's Book Shoppe.
  2696 | D:4      | Reached XP level 5. HP: 42/45 MP: 5/5
  2703 | D:4      | Reached skill level 7 in Axes
  2763 | D:4      | Noticed an ogre
  2779 | D:4      | Gained mutation: You are dopey. (Int -2) [potion of
                  | mutation]
  2779 | D:4      | Gained mutation: You have large cloven feet. [potion of
                  | mutation]
  2779 | D:4      | Gained mutation: Your muscles are strong. (Str +4, Int/Dex
                  | -1) [potion of mutation]
  2782 | D:4      | Slain by a gnoll sergeant

Illustrated notes

Levels and vault maps discovered:
D:1:      nicolae_arrival_memento_mori, layout_basic
D:2:      layout_basic
D:3:      layout_basic, serial_shops, nicolae_shop_tiny_statue_garden,
          chequers_decorated_corner, minmay_starry_boxes
D:4:      layout_rooms, amcnicky_altar_gilded, nicolae_ossuary_entry_plus

Skill      XL: |  1  2  3  4  5 |
---------------+----------------+-----
Axes           | 4 5 6 7 |  7.1
Fighting       | |  3.6
Spellcasting   | |  1.0
Fire Magic     | |  2.1

Action                     |  1- 3 |  4- 6 || total
---------------------------+-------+-------++-------
  Melee: Hand axe          |    85 |    73 ||   158
         Headbutt          |     7 |     9 ||    16
         Punch             |     1 |       ||     1
 Invoke: Fiery Armour      |       |     1 ||     1
    Use: Scroll            |       |     5 ||     5
         Potion            |       |     4 ||     4
 Armour: Robe              |     8 |       ||     8
         Leather armour    |     8 |     3 ||    11
         Ring mail         |       |    14 ||    14
  Dodge: Dodged            |    44 |    28 ||    72
  Block: Other             |       |     9 ||     9
